 Dungeon Crawl Stone Soup version 0.28-a0-895-g6e5f11bd55 (webtiles) character file.

Game seed: 8480665044042339153

69246 Anon1729 the Frost Mage (level 14, -2/81 (85) HPs)
             Began as a Demonspawn Ice Elementalist on Nov 22, 2021.
             Was the Champion of Cheibriados.
             Engulfed by a cloud of freezing vapour (4 damage)
             ... while paralysed by an orc sorcerer
             ... on level 1 of the Orcish Mines.
             The game lasted 01:11:35 (23453 turns).

Anon1729 the Frost Mage (DsIE)                     Turns: 23453, Time: 01:11:35

HP:   -2/81 (85)    AC: 17    Str: 24    XL:     14   Next: 89%
MP:   18/36         EV:  2    Int: 35    God:    Cheibriados [******]
Gold: 693           SH:  0    Dex: 30    Spells: 2/32 levels left

rFire   + . .      SeeInvis .   r - staff of cold
rCold   + + .      Faith    .   L - +2 buckler
rNeg    . . .      Spirit   .   U - +2 robe {Archmagi}
rPois   .          Reflect  +   (helmet restricted)
rElec   .          Harm     .   f - scarf {rC+ rF+}
rCorr   .          Rampage  .   (no gloves)
Will    +....      Archmagi +   (no boots)
Stlth   +++++.....              q - amulet of reflection
HPRegen 0.23/turn               p - ring of magical power
MPRegen 0.50/turn               a - +4 ring of evasion

@: paralysed, ice-armoured, lightly drained, repel missiles, very slow
A: antennae 2, repulsion field 3, magic regeneration, condensation shield
a: Renounce Religion, Bend Time, Temporal Distortion, Slouch, Step From Time


You were on level 1 of the Orcish Mines.
You worshipped Cheibriados.
Cheibriados was exalted by your worship.
You visited 4 branches of the dungeon, and saw 20 of its levels.
You visited the Abyss 1 time.

You collected 1367 gold pieces.
You spent 674 gold pieces at shops.

Inventory:

Hand Weapons
 X - the +10 dagger of Outrage {freeze, rC- Will++ Str+5}
   (You found it on level 11 of the Dungeon)

   It freezes those it strikes, dealing additional cold damage.
   It can also slow down cold-blooded creatures.
   Str:       It affects your strength (+5).
   rC:        It makes you vulnerable to cold.
   Will:      It greatly increases your willpower.
Missiles
 S - 2 throwing nets
Armour
 f - a scarf of resistance (worn)
 t - a +1 robe of cold resistance
 F - a +0 troll leather armour
 L - a +2 buckler (worn)
 U - a +2 robe of the Archmagi (worn)
Magical Staves
 r - a staff of cold (weapon)
Jewellery
 a - a +4 ring of evasion (right hand)
 g - a ring of ice
 p - a ring of magical power (left hand)
 q - an amulet of reflection (around neck)
 x - a ring of flight
 z - the amulet "Vyfimaph" {Spirit Harm Str+4}
   (You found it on level 4 of the Dungeon)

   [amulet of guardian spirit]

   It causes incoming damage to be divided between your reserves of health and
   magic.
   Str:       It affects your strength (+4).
   Harm:      It increases damage dealt and taken.
 E - the ring of Ahantok {rCorr Int+2}
   (You found it on level 1 of the Lair of Beasts)

   [ring of resist corrosion]

   Int:       It affects your intelligence (+2).
   rCorr:     It protects you from acid and corrosion.
 J - a ring of wizardry
 Y - a ring of see invisible
 Z - a ring of poison resistance
Wands
 i - a wand of charming (8)
 I - a wand of digging (6)
 M - a wand of paralysis (8)
 O - a wand of flame (10)
 Q - a wand of mindburst (37)
 T - a wand of iceblast (17)
 V - a wand of polymorph (13)
Scrolls
 b - a scroll of brand weapon
 c - 3 scrolls of blinking
 d - 6 scrolls of magic mapping
 e - a scroll of silence
 l - 3 scrolls of holy word
 n - 4 scrolls of vulnerability
 s - 6 scrolls of fog
 u - 4 scrolls of amnesia
 w - 3 scrolls of immolation
 y - 5 scrolls of summoning
 A - 4 scrolls of identify
 D - 5 scrolls of teleportation
 R - a scroll of enchant weapon
 W - a scroll of fear
Potions
 h - 2 potions of berserk rage
 j - a potion of heal wounds
 k - a potion of cancellation
 m - 5 potions of lignification
 o - 5 potions of might
 B - 4 potions of brilliance
 C - 6 potions of curing
 G - a potion of mutation
 H - 2 potions of attraction
 N - 6 potions of ambrosia
 P - 2 potions of flight
Miscellaneous
 v - a phial of floods
 K - a box of beasts


   Skills:
 + Level 9.7 Dodging
 + Level 10.5 Stealth
 - Level 4.0 Shields
 + Level 9.7 Spellcasting
 + Level 7.9 Conjurations
 + Level 6.9 Summonings
 * Level 13.8 Ice Magic
 + Level 11.3 Invocations


You had 2 spell levels left.
You knew the following spells:

 Your Spells              Type           Power      Damage    Failure   Level
a - Freeze                Ice            100%       1d11      0%          1
b - Frozen Ramparts       Ice            100%       1d12      1%          3
c - Ozocubu's Armour      Ice            100%       N/A       1%          3
d - Hailstorm             Conj/Ice       100%       3d20      1%          4
e - Summon Ice Beast      Ice/Summ       100%       N/A       1%          4
f - Metabolic Englaciati  Hex/Ice        49%        N/A       4%          5
g - Freezing Cloud        Conj/Ice/Air   50%        6-21      3%          5
h - Iskenderun's Battles  Conj           83%        2d13      2%          5

Your spell library contained the following spells:

 Spells                   Type           Power      Damage    Failure   Level
 Foxfire                  Conj/Fire      100%       2x1d9     1%          1
 Static Discharge         Conj/Air       61%        N/A       1%          2
 Corpse Rot               Necr/Air       50%        N/A       3%          2
 Poisonous Vapours        Pois/Air       50%        N/A       3%          2
 Sublimation of Blood     Necr           25%        N/A       3%          2
 Conjure Flame            Conj/Fire      61%        6-21      1%          3
 Mephitic Cloud           Conj/Pois/Air  52%        N/A       2%          3
 Flame Wave               Conj/Fire      61%        3d11      4%          4
 Sticky Flame             Conj/Fire      61%        2d8       4%          4
 Summon Lightning Spire   Summ/Air       58%        N/A       6%          4
 Ignite Poison            Fire/Tmut/Pois 25%        N/A       8%          3
 Inner Flame              Hex/Fire       25%        N/A       8%          3
 Fireball                 Conj/Fire      30%        3d13      14%         5
 Lightning Bolt           Conj/Air       30%        1d47      14%         5
 Summon Mana Viper        Hex/Summ       58%        N/A       17%         5
 Airstrike                Air            12%        N/A       26%         4
 Dispel Undead            Necr           25%        3d12      26%         4
 Petrify                  Tmut/Erth      25%        N/A       26%         4
 Conjure Ball Lightning   Conj/Air       30%        3x3d10    61%         6
 Orb of Destruction       Conj           41%        9d14      63%         7
 Monstrous Menagerie      Summ           39%        N/A       77%         7
 Statue Form              Tmut/Erth      16%        N/A       98%         6
 Haunt                    Necr/Summ      29%        N/A       99%         7
 Chain Lightning          Conj/Air       30%        3d40      100%        9
 Fire Storm               Conj/Fire      30%        8d8       100%        9
 Shatter                  Erth           12%        3d13*     100%        9


Dungeon Overview and Level Annotations

Branches:
Dungeon (12/15)            Temple (1/1) D:6            Lair (6/6) D:10
 Shoals (0/4) Lair:4       Spider (0/4) Lair:2        Slime (0/5) Lair:5
    Orc (1/2) D:11

Altars:
Ashenzari
Cheibriados
Dithmenos
Elyvilon
Fedhas
Gozag
Hepliaklqana
Kikubaaqudgha
Makhleb
Nemelex Xobeh
Okawaru
Qazlal
Ru
Sif Muna
Trog
Uskayaw
Vehumet
Wu Jian
Xom
Yredelemnul
Zin
The Shining One
Lugonu

Shops:
D:2 =   D:9 [?:*?

Portals:
Abyss: Lair:6

Annotations:
Orc:1 NigelTetley's ghost, journeyman TrFi


Innate Abilities, Weirdness & Mutations

You have a pair of antennae on your head.
You are surrounded by a strong repulsion field. (EV +4, RMsl)
You regenerate magic rapidly.
A meltable shield of frost defends you. (SH +0)


Message History

Press: ? - help, Dir - look around, f - activate You feel a strong surge of power!
A cannonade of hail descends around you!
The hail pelts the warg!!
You kill the warg!
Cheibriados thoroughly appreciates the change of pace.
You are engulfed in freezing vapours.
You resist.
The frozen ramparts melt away.
The orc sorcerer points at you and mumbles some strange words.
You suddenly lose the ability to move!
You are engulfed in freezing vapours.
You resist. The orc sorcerer casts a spell at you.
You hear a sizzling sound!
The rust devil is engulfed in freezing vapours.
You are engulfed in freezing vapours.
You resist.
The orc sorcerer gestures at you while chanting.
The bolt of negative energy hits the rust devil.
The rust devil completely resists.
The bolt of negative energy hits your ice beast!!
Your ice beast is drained!
The bolt of negative energy hits you!!
You feel drained.
* * * LOW HITPOINT WARNING * * *
You are engulfed in freezing vapours.
You resist.
* * * LOW HITPOINT WARNING * * *
An orc warrior comes into view. It is wielding a +0 flail.
Your ice beast hits the rust devil but does no damage.
The rust devil is engulfed in freezing vapours.
The rust devil hits your ice beast. The rust devil corrodes your ice beast!
You are engulfed in freezing vapours.
You resist.
Your ice beast hits the rust devil but does no damage.
The rust devil is engulfed in freezing vapours.
The rust devil hits your ice beast!
Your ice beast seems to be corroded for longer.
You are engulfed in freezing vapours.
You resist.
* * * LOW HITPOINT WARNING * * *
Your ice beast hits the rust devil.
Your ice beast freezes the rust devil.
The rust devil resists.
The rust devil hits your ice beast.
Your ice beast seems to be corroded for longer.
You are engulfed in freezing vapours.
You resist.
You die...

###..........#...............#
#...#.......#...............##
##.###...#........>^..........
### ####.................#...
##....#.....$......#.. #
###..##.............
..#.#......§§☼§......##..
#........§Y4oo#)#)......
#........@###{...# ...
....#..#####{##...)).....
......#


hWh{ #.......... .....# ...#..##......... ..... ..#...#{#....$#### ..... #..##.
. #.....# .... #.# .#!##.....# ... #. .# #.....o# You could see a rust devil
(summoned, ally target), 2 wargs, an orc sorcerer (strong), an orc warrior
(strong), NigelTetley's ghost and a friendly ice beast (summoned, corroded,
drained).

Vanquished Creatures
  An orc warlord (Orc:1)
  A very ugly thing (Abyss:1)
  A boulder beetle (D:11)
  10 hydras
  Fannar (Lair:1)
  Erolcha (D:11)
  Erica (D:10)
  3 two-headed ogres
  3 thrashing horrors
  A fire crab (shapeshifter) (Lair:6)
  A sixfirhy (Abyss:1)
  A spatial maelstrom (Abyss:1)
  A lindwurm (shapeshifter) (Lair:6)
  5 ugly things
  A wizard (Abyss:1)
  Pikel (D:4)
  A deep elf pyromancer (D:12)
  A cyclops (D:12)
  An oklob plant (D:10)
  A will-o-the-wisp (Abyss:1)
  A manticore (D:11)
  A manticore (shapeshifter) (Lair:6)
  5 black mambas
  11 elephants
  A gargoyle (D:12)
  14 cane toads
  A kobold demonologist (D:12)
  3 unseen horrors
  A rime drake (Lair:4)
  2 smoke demons
  5 yaktaurs (D:11)
  10 komodo dragons
  3 ancient zymes
  A starcursed mass (Abyss:1)
  A jumping spider (Lair:2)
  A queen bee (D:10)
  4 trolls
  2 polar bears
  23 blink frogs
  6 dream sheep (Lair:4)
  A raiju (shapeshifter) (Abyss:1)
  A wraith (D:10)
  3 redbacks (Lair:2)
  A spriggan (Lair:6)
  A water elemental (D:12)
  4 wyverns
  3 ynoxinuls (Lair:6)
  20 yaks
  2 large abominations (Abyss:1)
  18 small abominations
  2 basilisks
  Grum (D:8)
  5 golden eyes (Abyss:1)
  2 vampire mosquitoes (D:11)
  A steam dragon (D:7)
  3 chaos spawn
  A spatial vortex (Abyss:1)
  2 wargs (Orc:1)
  10 water moccasins
  9 orc warriors
  A hornet zombie (D:9)
  2 sky beasts (D:5)
  2 necrophages
  2 black bears
  5 ogres
  An ogre (shapeshifter) (Lair:6)
  4 wolves
  2 phantoms
  8 centaurs
  A lemure (D:4)
  6 kobold brigands
  7 bullfrogs
  A scorpion (D:5)
  A water moccasin zombie (D:5)
  A water moccasin skeleton (D:6)
  32 killer bees
  4 electric eels
  A crimson imp (D:5)
  3 centaur zombies
  10 orc priests
  A bullfrog zombie (D:5)
  3 hounds
  Crazy Yiuf (D:3)
  2 bullfrog skeletons
  A centaur skeleton (D:4)
  3 jellies
  3 iguanas
  11 orc wizards
  A scorpion zombie (D:5)
  A killer bee zombie (D:7)
  A hound zombie (D:5)
  A howler monkey zombie (D:7)
  13 adders
  3 gnolls (D:2)
  A white imp (D:5)
  2 ufetubi (D:5)
  5 dart slugs
  61 orcs
  8 bats
  12 endoplasms
  3 giant cockroaches
  7 goblins
  5 hobgoblins
  4 jackals (D:3)
  4 quokkas
  6 ball pythons
  3 frilled lizards (D:3)
  19 kobolds
  A quokka skeleton (D:4)
  3 rats
506 creatures vanquished.

Vanquished Creatures (collateral kills)
  A rakshasa (Abyss:1)
  A boulder beetle (Lair:3)
  A hydra (Lair:3)
  A catoblepas (Lair:4)
  A starcursed mass (Abyss:1)
  A thrashing horror (Abyss:1)
  A sixfirhy (Abyss:1)
  2 elephants
  2 cane toads
  A komodo dragon (Lair:2)
  An ancient zyme (Abyss:1)
  4 blink frogs
  A small abomination (Lair:6)
  2 yaks
  2 basilisks
  A bullfrog (Lair:5)
  An electric eel (D:12)
  2 ufetubi (Abyss:1)
26 creatures vanquished.

Vanquished Creatures (others)
  A small abomination (Abyss:1)
  A kobold (D:7)
  2 foxfires (Abyss:1)
  20 fungi
  50 plants
74 creatures vanquished.

Grand Total: 606 creatures vanquished

Notes
Turn   | Place    | Note
-------+----------+-------------------------------------------
     0 | D:1      | Anon1729 the Demonspawn Ice Elementalist began the quest
                  | for the Orb.
     0 | D:1      | Reached XP level 1. HP: 13/13 MP: 3/3
   369 | D:1      | Gained mutation: You have a pair of small antennae on your
                  | head. [demonic ancestry]
   369 | D:1      | Reached XP level 2. HP: 5/19 MP: 1/5
  1444 | D:2      | Gained mutation: A meltable shield of frost defends you.
                  | (SH +0) [demonic ancestry]
  1444 | D:2      | Reached XP level 3. HP: 22/24 MP: 4/6
  1478 | D:1      | Learned a level 3 spell: Frozen Ramparts
  1482 | D:2      | HP: 1/24 [gnoll (14)]
  1483 | D:2      | Reached skill level 4 in Ice Magic
  2004 | D:2      | Reached XP level 4. HP: 30/30 MP: 3/7
  2101 | D:2      | Found Toatamm's Jewellery Boutique.
  2476 | D:3      | Found a faded altar of an unknown god.
  2613 | D:3      | Gained mutation: You are surrounded by a mild repulsion
                  | field. (EV +2) [demonic ancestry]
  2613 | D:3      | Reached XP level 5. HP: 35/35 MP: 6/9
  2891 | D:3      | Found a runed translucent door.
  2892 | D:3      | Noticed Crazy Yiuf
  3065 | D:3      | Learned a level 3 spell: Ozocubu's Armour
  3124 | D:3      | Killed Crazy Yiuf
  3264 | D:4      | You fall into a shaft and drop 1 floor!
  3264 | D:5      | Entered Level 5 of the Dungeon
  3264 | D:5      | Noticed a sky beast
  3358 | D:5      | Killed a sky beast
  3359 | D:5      | Reached skill level 5 in Ice Magic
  3359 | D:5      | Reached XP level 6. HP: 11/41 MP: 1/10
  3482 | D:5      | Noticed a sky beast
  3492 | D:5      | Killed a sky beast
  3517 | D:5      | Reached XP level 7. HP: 46/46 MP: 4/12
  4375 | D:5      | Reached skill level 6 in Ice Magic
  4575 | D:5      | Gained mutation: You are surrounded by a moderate repulsion
                  | field. (EV +3) [demonic ancestry]
  4575 | D:5      | Reached XP level 8. HP: 39/52 MP: 13/14
  4907 | D:5      | Learned a level 4 spell: Hailstorm
  5119 | D:6      | Found a shadowy altar of Dithmenos.
  5222 | D:4      | Found an iron altar of Okawaru.
  5364 | D:4      | Reached skill level 7 in Ice Magic
  5365 | D:4      | Noticed Pikel
  5389 | D:4      | Killed Pikel
  5390 | D:4      | Reached skill level 5 in Dodging
  5390 | D:4      | Reached skill level 5 in Stealth
  5390 | D:4      | Reached skill level 5 in Spellcasting
  6105 | D:4      | Reached XP level 9. HP: 57/57 MP: 16/16
  6295 | D:4      | Identified the amulet "Vyfimaph" {Spirit Harm Str+4}
  6667 | D:6      | Reached skill level 8 in Ice Magic
  6867 | D:6      | Found an opulent altar of Gozag.
  6963 | D:6      | Found a shimmering blue altar of Sif Muna.
  6987 | D:6      | Found a staircase to the Ecumenical Temple.
  7080 | D:6      | Found a sparkling altar of Nemelex Xobeh.
  7439 | Temple   | Entered the Ecumenical Temple
  7485 | Temple   | Became a worshipper of Cheibriados the Contemplative
  7532 | D:7      | Noticed a troll
  7541 | D:7      | Killed a troll
  7542 | D:7      | Reached skill level 1 in Invocations
  7700 | D:7      | Found a shimmering altar of Xom.
  8207 | D:7      | Reached * piety under Cheibriados
  8210 | D:7      | Reached skill level 9 in Ice Magic
  8212 | D:7      | Gained mutation: You have a pair of antennae on your head.
                  | [demonic ancestry]
  8212 | D:7      | Reached XP level 10. HP: 51/63 MP: 19/19
  8654 | D:8      | Noticed Grum
  8769 | D:8      | Killed Grum
  8825 | D:8      | Learned a level 4 spell: Summon Ice Beast
  8907 | D:8      | Got Borgnjor's Papyrus of Evil
  8971 | D:8      | Reached skill level 1 in Conjurations
  9263 | D:9      | Found Akuesu Jaro's Antique Armour Shoppe.
  9271 | D:9      | Bought a spiked scale mail for 234 gold pieces
  9271 | D:9      | Identified the +0 scale mail of Fortification {rElec} (You
                  | bought it in a shop on level 9 of the Dungeon)
  9271 | D:9      | Bought a glowing buckler for 195 gold pieces
  9457 | D:9      | Found Nysolock's General Store.
  9457 | D:9      | Noticed a two-headed ogre
  9469 | D:9      | Killed a two-headed ogre
  9470 | D:9      | Reached skill level 1 in Shields
  9473 | D:9      | Reached ** piety under Cheibriados
  9474 | D:9      | Found Cedam's Magic Scroll Shop.
  9749 | D:9      | Found Ylacsi's Magic Scroll Shop.
  9868 | D:9      | Reached skill level 5 in Invocations
 10101 | D:9      | Found Fialatak's Book Shoppe.
 10371 | D:10     | Entered Level 10 of the Dungeon
 10404 | D:10     | Found an ancient bone altar of Kikubaaqudgha.
 10444 | D:10     | Reached skill level 10 in Ice Magic
 10444 | D:10     | Reached *** piety under Cheibriados
 10445 | D:10     | Reached XP level 11. HP: 47/68 MP: 21/21
 10635 | D:10     | Found a staircase to the Lair.
 10636 | D:10     | Noticed an oklob plant
 10688 | D:10     | Found a burning altar of Makhleb.
 10743 | D:10     | Found a sacrificial altar of Ru.
 10743 | D:10     | Found a radiant altar of Vehumet.
 10768 | D:10     | Found a blossoming altar of Fedhas.
 10809 | D:10     | Noticed a two-headed ogre
 10818 | D:10     | Killed a two-headed ogre
 11083 | D:10     | Found a bloodstained altar of Trog.
 11391 | D:10     | Killed an oklob plant
 11405 | Lair:1   | Entered Level 1 of the Lair of Beasts
 11405 | Lair:1   | Noticed Erica
 11414 | D:10     | Killed Erica
 11529 | Lair:1   | Noticed a five-headed hydra
 11539 | Lair:1   | Killed a five-headed hydra
 11579 | Lair:1   | You fall into a shaft and drop 1 floor!
 11579 | Lair:2   | Found a hole to the Spider Nest.
 11585 | Lair:2   | Reached **** piety under Cheibriados
 11803 | Lair:2   | Noticed a seven-headed hydra
 11812 | Lair:2   | Killed a seven-headed hydra
 12119 | Lair:2   | Reached skill level 1 in Summonings
 12895 | Lair:3   | Noticed a boulder beetle
 12904 | Lair:3   | Reached skill level 11 in Ice Magic
 12904 | Lair:3   | Reached XP level 12. HP: 69/74 MP: 22/23
 12913 | Lair:3   | Killed a boulder beetle
 13340 | Lair:3   | Noticed a five-headed hydra
 13356 | Lair:3   | Killed a five-headed hydra
 13710 | Lair:3   | Learned a level 5 spell: Metabolic Englaciation
 13847 | Lair:4   | Noticed a catoblepas
 13875 | Lair:4   | Killed a catoblepas
 13982 | Lair:4   | Found a staircase to the Shoals.
 14095 | Lair:4   | Noticed a seven-headed hydra
 14120 | Lair:4   | Killed a seven-headed hydra
 14250 | Lair:4   | Reached skill level 5 in Conjurations
 15141 | Lair:5   | Found a staircase to the Slime Pits.
 15361 | Lair:5   | Noticed a six-headed hydra
 15376 | Lair:5   | Killed a six-headed hydra
 15543 | Lair:5   | Noticed a four-headed hydra
 15553 | Lair:5   | Killed a four-headed hydra
 15853 | Lair:5   | Reached ***** piety under Cheibriados
 15857 | Lair:5   | Gained mutation: You regenerate magic rapidly. [demonic
                  | ancestry]
 15857 | Lair:5   | Reached XP level 13. HP: 75/79 MP: 22/25
 15858 | Lair:5   | Reached skill level 12 in Ice Magic
 16164 | Lair:6   | Entered Level 6 of the Lair of Beasts
 16993 | Lair:6   | Cast into level 1 of the Abyss (spriggan)
 16994 | Abyss:1  | Reached skill level 5 in Summonings
 17068 | Abyss:1  | Noticed a tentacled starspawn
 17223 | Abyss:1  | Noticed a dread lich
 17380 | Abyss:1  | Reached skill level 10 in Invocations
 17381 | Abyss:1  | Noticed a reaper
 17381 | Abyss:1  | Paralysed by something for 4 turns
 17624 | Abyss:1  | Noticed a starcursed mass
 17640 | Abyss:1  | Noticed a white very ugly thing
 17647 | Abyss:1  | Killed a starcursed mass
 17648 | Abyss:1  | Killed a brown very ugly thing
 17649 | Abyss:1  | Gained mutation: You are surrounded by a strong repulsion
                  | field. (EV +4, RMsl) [demonic ancestry]
 17649 | Abyss:1  | Reached XP level 14. HP: 73/85 MP: 4/27
 17696 | Abyss:1  | Reached skill level 13 in Ice Magic
 17702 | Abyss:1  | Learned a level 5 spell: Freezing Cloud
 17726 | Abyss:1  | Noticed a revenant
 17862 | Abyss:1  | Learned a level 5 spell: Iskenderun's Battlesphere
 18569 | Lair:6   | Escaped the Abyss
 18733 | Lair:6   | Reached skill level 10 in Stealth
 18957 | Lair:6   | Found a corrupted altar of Lugonu.
 18957 | Lair:6   | Found a one-way gate to the infinite horrors of the Abyss.
 19986 | Lair:1   | Found a basalt altar of Yredelemnul.
 20129 | Lair:1   | Identified the ring of Ahantok {rCorr Int+2}
 20226 | Lair:1   | Noticed Fannar
 20255 | Lair:1   | Killed Fannar
 20584 | D:9      | Bought a scroll of identify for 28 gold pieces
 20584 | D:9      | Bought a scroll of identify for 28 gold pieces
 20584 | D:9      | Bought a scroll of identify for 28 gold pieces
 20584 | D:9      | Bought a scroll of fog for 28 gold pieces
 20584 | D:9      | Bought a scroll of blinking for 105 gold pieces
 20584 | D:9      | Bought a scroll of identify for 28 gold pieces
 21006 | D:11     | Noticed Erolcha
 21011 | D:11     | Killed Erolcha
 21202 | D:11     | Found a staircase to the Orcish Mines.
 21561 | D:11     | Identified the +10 dagger of Outrage {freeze, rC- Will++
                  | Str+5}
 21715 | D:12     | Reached ****** piety under Cheibriados
 23094 | Orc:1    | Entered Level 1 of the Orcish Mines
 23330 | Orc:1    | Noticed NigelTetley's ghost (journeyman TrFi)
 23438 | Orc:1    | Noticed an orc warlord
 23446 | Orc:1    | Killed an orc warlord
 23447 | Orc:1    | Paralysed by an orc sorcerer for 7 turns
 23452 | Orc:1    | HP: 1/81 [cloud of freezing vapour (8)]
 23453 | Orc:1    | Engulfed by a cloud of freezing vapour

Illustrated notes

Levels and vault maps discovered:
D:1:      lightli_molten_gateway, layout_basic
D:2:      layout_rooms, serial_shops, nicolae_shop_stone
D:3:      layout_basic, ebering_ecumenical_altar_webs, uniq_crazy_yiuf_cottage
D:4:      minmay_chambers_of_threes, layout_basic, okawaru_gym_becter,
          uniq_pikel
D:5:      minmay_razor_zed, layout_cave_pools, elyvilon_altar_3,
          minmay_fire_ice_demons
D:6:      layout_rooms, nemelex_altar_shiori,
          mainiacjoe_overflow_large_starburst,
          mainiacjoe_overflow_concentric_impassable, minmay_temple_entry_hall,
          minmay_quadrilaterals
D:7:      layout_loops_cross, mainiacjoe_overflow_paths
D:8:      layout_cave_pools, kennysheep_generic_room_11, uniq_grum
D:9:      layout_roguey, serial_shops, nicolae_square_shop, nicolae_square_shop,
          shop, nicolae_shop_waterfront, shop_fountains, grunt_ministairs_10,
          corexii_leaking_fountain, kennysheep_generic_room_5
D:10:     layout_basic, lemuel_doored_altar, grunt_temple_overflow_open,
          mainiacjoe_overflow_six_doors_small, trog_hazing_becter,
          dpeg_oklobed_lair, special_room [special_room_bee]
D:11:     layout_basic, hiddenorc2_lemuel, uniq_erolcha
D:12:     layout_basic
Temple:   corrupted_temple
Lair:1:   layout_misc_corridors, basic_altar, hibernation_bobbens,
          lemuel_fruit_tree, infiniplex_staircase_pool, uniq_erica, uniq_fannar
Lair:2:   layout_layer_cave, spider_nest_entry_funnel_web, lemuel_fruit_fields
Lair:3:   layout_hall_layers, lemuel_fruit_fields
Lair:4:   layout_roguey, minmay_shoals_entry_centaurs, st_stairs_9,
          nicolae_lair_grazing_beasts [nicolae_sub_lair_graze_edge,
          nicolae_sub_lair_graze_edge, nicolae_sub_lair_graze_edge,
          nicolae_sub_lair_graze_edge]
Lair:5:   layout_hall_layers, dpeg_slime_entry_corner
Lair:6:   hellmonk_lair_end_abyssal_woods, layout_cave_pods
Orc:1:    layout_caves, gammafunk_ghost_berserking_beasts,
          nicolae_orc_flooded_monolith, mines1_david

Skill      XL: |  1  2  3  4  5  6  7  8  9 10 11 12 13 14 |
---------------+-------------------------------------------+-----
Stealth        | 2 3 4 5 6 7 8 9 10 | 10.5
Dodging        | 2 3 4 5 6 7 8 9 |  9.7
Ice Magic      | 4 5 6 7 9 10 11 12 13 | 13.8
Spellcasting   | 3 4 5 6 7 8 9 |  9.7
Invocations    | 3 5 7 8 10 11 | 11.3
Conjurations   | 2 4 5 6 7 |  7.9
Shields        | 2 3 4 |  4.0
Summonings     | 1 3 5 6 |  6.9

Action                   |  1- 3 |  4- 6 |  7- 9 | 10-12 | 13-15 || total
-------------------------+-------+-------+-------+-------+-------++-------
Melee: Unarmed           |    41 |     1 |       |       |       ||    42
       Short sword       |       |    96 |   253 |   128 |   246 ||   723
       Dagger            |       |       |       |       |    15 ||    15
       Staff             |       |       |       |       |     4 ||     4
 Cast: Freeze            |    42 |    29 |    71 |   291 |   402 ||   835
       Frozen Ramparts   |     1 |     4 |    16 |    38 |    56 ||   115
       Ozocubu's Armour  |       |     4 |    10 |    22 |    40 ||    76
       Summon Ice Beast  |       |       |       |    20 |    32 ||    52
       Hailstorm         |       |       |       |     5 |    17 ||    22
       Metabolic Englaci |       |       |       |       |     5 ||     5
       Freezing Cloud    |       |       |       |       |     9 ||     9
       Iskenderun's Batt |       |       |       |       |     3 ||     3
Invok: Slouch            |       |       |       |       |     4 ||     4
       Step From Time    |       |       |       |       |     2 ||     2
Evoke: Wand              |       |       |       |     2 |    11 ||    13
       Phial of floods   |       |       |       |       |     1 ||     1
  Use: Potion            |     1 |       |       |     1 |     9 ||    11
       Scroll            |       |       |       |    14 |    11 ||    25
 Stab: Sleeping          |       |     5 |    12 |     8 |     3 ||    28
       Distracted        |       |       |       |       |     2 ||     2
       Paralysed         |       |       |       |       |     2 ||     2
Armor: Robe              |    24 |    20 |    34 |       |     9 ||    87
       Troll leather arm |       |       |    15 |    81 |    69 ||   165
Dodge: Dodged            |    63 |    76 |   204 |   389 |   561 ||  1293
       Repelled          |       |       |       |       |     4 ||     4
Block: Other             |     2 |    24 |   142 |    37 |       ||   205
       Reflection        |       |       |     3 |    10 |    17 ||    30
       Buckler           |       |       |       |   417 |   810 ||  1227

Table legend: (Time is in decaauts)
 A = Elapsed time spent in this place.
 B = Non-inter-level travel time spent in this place.
 C = Inter-level travel time spent in this place.
 D = Time resting spent in this place.
 E = Time spent auto-exploring this place.
 F = Levels seen in this place.
 G = Mean time per level.
                   A        B        C        D        E       F      G
               +--------+--------+--------+--------+--------+-----+--------+
         Total |  30129 |  28443 |   1686 |   2877 |  19701 |  21 | 1434.7 |
       Dungeon |  16743 |  15683 |   1060 |   1359 |  11598 |  12 | 1395.2 |
        Temple |     66 |     46 |     20 |      0 |     29 |   1 |   66.0 |
          Lair |  11052 |  10449 |    603 |    544 |   7826 |   6 | 1842.0 |
  Orcish Mines |    389 |    389 |      0 |     17 |    248 |   1 |  389.0 |
         Abyss |   1876 |   1876 |      0 |    955 |      0 |   1 | 1876.0 |
               +--------+--------+--------+--------+--------+-----+--------+

Top non-repeatable levels by time:
  Lair:6: 2686 daAuts
    D:12: 2171 daAuts
 Abyss:1: 1876 daAuts
  Lair:4: 1872 daAuts
  Lair:2: 1807 daAuts
    D:10: 1758 daAuts
     D:5: 1754 daAuts
  Lair:5: 1685 daAuts
    D:11: 1634 daAuts
     D:9: 1536 daAuts
  Lair:1: 1528 daAuts
     D:7: 1487 daAuts
  Lair:3: 1471 daAuts
     D:1: 1368 daAuts
     D:4: 1256 daAuts
